 Dungeon Crawl Stone Soup version 0.30-a0-29-g142975f185 (webtiles) character file.

Game seed: 3239337495510202886

261332 Snarg the Acrobat (level 19, -5/100 HPs)
             Began as a Spriggan Conjurer on Aug 21, 2022.
             Was an Initiate of Gozag.
             Killed by a malign offering
             ... invoked by a deep elf high priest
              (25 damage)
             ... on level 2 of the Vaults on Aug 26, 2022.
             The game lasted 07:38:11 (77248 turns).

Snarg the Acrobat (Spriggan Conjurer)              Turns: 77248, Time: 07:38:12

Health: -5/100     AC:  3    Str:  5    XL:     19   Next: 19%
Magic:  7/37       EV: 46    Int: 32    God:    Gozag
Gold:   5310       SH: 17    Dex: 30    Spells: 2/44 levels left

rFire   + + .      SeeInvis +    a - +7 dagger of Shrieking Terror {vorpal, Stlth+}
rCold   + . .      Faith    .    J - +3 buckler {rF+}
rNeg    . . .      Spirit   .    N - +0 robe "Coehe" {Str+5}
rPois   .          Reflect  +    F - +1 hat
rElec   +          Harm     .    w - scarf {rC+ rF+}
rCorr   .          Rampage  .    (gloves unavailable)
Will    +++..                    (boots unavailable)
Stlth   ++++++++..               q - amulet of reflection
HPRegen 0.26/turn                k - +6 ring of dexterity
MPRegen 0.25/turn                p - ring of Beul {+Blink rElec Str-3 Int+6 Dex+9}

@: studying 2 skills, very quick
A: very small, no large weapons, unfitting armour, see invisible, speed 3
}: 2/15 runes: decaying, serpentine
a: Renounce Religion, Evoke Blink, Potion Petition, Call Merchant, Bribe Branch


You were on level 2 of the Vaults.
You worshipped Gozag.
Gozag was greatly pleased with you.
You visited 7 branches of the dungeon, and saw 31 of its levels.
You also visited: Bailey.

You collected 13624 gold pieces.
You spent 4034 gold pieces at shops.
You paid 4280 gold pieces to Gozag.

Inventory:

Hand Weapons
 a - the +7 dagger of Shrieking Terror (weapon) {vorpal, Stlth+}
   (You bought it in a shop on level 1 of the Lair of Beasts)

   It inflicts extra damage upon your enemies.
   Stlth:     It makes you more stealthy.
 b - the +6 rapier "Onevvih" {flame, MP+9 Dex+4}
   (You bought it in a shop on level 1 of the Lair of Beasts)

   It burns those it strikes, dealing additional fire damage.
   Dex:       It affects your dexterity (+4).
   MP:        It affects your magic capacity (+9).
 x - the +6 dagger of the Past {antimagic, Fly rN+}
   (You found it on level 4 of the Snake Pit)

   It reduces the magical energy of the wielder, and disrupts the spells and
   magical abilities of those it strikes.
   Natural abilities and divine invocations are not affected.
   rN:        It protects you from negative energy.
   Fly:       It grants you flight.
Missiles
 h - 3 throwing nets
 s - 5 curare-tipped darts
 O - 20 boomerangs
Armour
 w - a scarf of resistance (worn)
 F - a +1 hat (worn)
 J - a +3 buckler of fire resistance (worn)
 N - the +0 robe "Coehe" (worn) {Str+5}
   (You bought it in a shop on level 1 of the Snake Pit)

   Str:       It affects your strength (+5).
Jewellery
 f - a ring of protection from fire
 i - an amulet of the acrobat
 k - a +6 ring of dexterity (left hand)
 p - the ring of Beul (right hand) {+Blink rElec Str-3 Int+6 Dex+9}
   (You acquired it on level 1 of the Orcish Mines)

   [ring of intelligence]

   Str:       It affects your strength (-3).
   Int:       It affects your intelligence (+6).
   Dex:       It affects your dexterity (+9).
   rElec:     It insulates you from electricity.
   +Blink:    It lets you blink.
 q - an amulet of reflection (around neck)
 z - the ring of Dianiv {rPois Will+}
   (You acquired it on level 5 of the Dungeon)

   [ring of poison resistance]

   rPois:     It protects you from poison.
   Will:      It increases your willpower.
 V - the ring of Teminemm {rC+ rN+ AC+4}
   (You found it on level 4 of the Lair of Beasts)

   [ring of protection]

   AC:        It affects your AC (+4).
   rC:        It protects you from cold.
   rN:        It protects you from negative energy.
Wands
 j - a wand of flame (31)
 D - a wand of digging (16)
 H - a wand of charming (22)
 P - a wand of mindburst (14)
 Q - a wand of polymorph (9)
 T - a wand of roots (27)
 Y - a wand of acid (4)
Scrolls
 c - 3 scrolls of poison
 d - 10 scrolls of teleportation
 r - 3 scrolls of vulnerability
 t - 2 scrolls of fog
 v - a scroll of enchant armour
 B - 2 scrolls of blinking
 K - 6 scrolls of fear
 R - 2 scrolls of silence
 U - a scroll of summoning
Potions
 g - 2 potions of flight
 l - 12 potions of curing
 m - 3 potions of resistance
 n - a potion of mutation
 o - 5 potions of berserk rage
 u - 2 potions of might
 y - 3 potions of magic
 A - a potion of cancellation
 E - 9 potions of heal wounds
 G - 4 potions of lignification
 I - a potion of haste
 L - 3 potions of invisibility
 W - a potion of ambrosia
 X - 4 potions of brilliance
Miscellaneous
 e - a lightning rod (4/4)
 C - a condenser vane
 M - a tin of tremorstones (2/2)
 S - a piece from Xom's chessboard (15/15)
 Z - a phantom mirror


   Skills:
 - Level 11.0 Fighting
 + Level 12.1 Short Blades
 - Level 1.1 Throwing
 + Level 21.5 Dodging
 - Level 16.0 Stealth
 - Level 5.0 Shields
 + Level 13.4 Spellcasting
 + Level 10.7 Conjurations
 + Level 16.7 Hexes
 + Level 11.0 Translocations
 - Level 11.0 Transmutations
 - Level 2.0 Fire Magic
 - Level 9.0 Evocations


You had 2 spell levels left.
You knew the following spells:

 Your Spells              Type           Power      Damage    Failure   Level
a - Magic Dart            Conj           100%       1d8       1%          1
b - Searing Ray           Conj           100%       2d8       1%          2
c - Dazzling Flash        Conj/Hex       100%       N/A       1%          3
d - Fulminant Prism       Conj/Hex       41%        3d20      1%          4
e - Iskenderun's Mystic   Conj/Tloc      74%        2d15      1%          4
f - Yara's Violent Unrav  Hex/Tmut       42%        3d17      1%          5
g - Foxfire               Conj/Fire      100%       2x1d9     1%          1
h - Teleport Other        Tloc           75%        N/A       1%          3
i - Confusing Touch       Hex            91%        N/A       0%          3
j - Irradiate             Conj/Tmut      37%        3d24      1%          5
k - Passage of Golubria   Tloc           75%        N/A       1%          4
l - Enfeeble              Hex            45%        N/A       3%          7

Your spell library contained the following spells:

 Spells                   Type           Power      Damage    Failure   Level
 Passwall                 Tmut/Erth      45%        N/A       1%          2
 Static Discharge         Conj/Air       100%       3-10/arc  1%          2
 Necrotise                Necr           84%        1d8       4%          1
 Sublimation of Blood     Necr           21%        N/A       6%          2
 Conjure Flame            Conj/Fire      58%        6-21      1%          3
 Gell's Gravitas          Tloc           75%        N/A       1%          3
 Ignite Poison            Fire/Tmut/Pois 49%        N/A       1%          3
 Inner Flame              Hex/Fire       69%        N/A       1%          3
 Lesser Beckoning         Tloc           75%        N/A       1%          3
 Stone Arrow              Conj/Erth      100%       3d13      1%          3
 Blade Hands              Tmut           37%        N/A       1%          5
 Manifold Assault         Tloc           75%        N/A       1%          5
 Flame Wave               Conj/Fire      58%        2d14      3%          4
 Silence                  Hex/Air        33%        N/A       3%          5
 Ice Form                 Ice/Tmut       54%        N/A       4%          4
 Petrify                  Tmut/Erth      54%        N/A       4%          4
 Dispersal                Tloc           37%        N/A       7%          6
 Frozen Ramparts          Ice            42%        1d7       12%         3
 Vampiric Draining        Necr           21%        2d7       12%         3
 Lightning Bolt           Conj/Air       27%        1d43      12%         5
 Summon Forest            Summ/Tloc      27%        N/A       12%         5
 Dragon Form              Tmut           37%        N/A       36%         7
 Airstrike                Air            10%        2d(2-18)  38%         4
 Animate Armour           Summ/Erth      42%        N/A       38%         4
 Summon Ice Beast         Ice/Summ       21%        N/A       38%         4
 Summon Lightning Spire   Summ/Air       21%        N/A       38%         4
 Iron Shot                Conj/Erth      27%        9d6       56%         6
 Agony                    Necr           21%        N/A       75%         5
 Haunt                    Necr/Summ      10%        N/A       100%        7
 Infestation              Necr           10%        N/A       100%        8
 Lehudib's Crystal Spear  Conj/Erth      27%        10d7      100%        8
 Maxwell's Capacitive Co  Air            10%        ∞         100%        8
 Chain Lightning          Conj/Air       27%        3d36      100%        9
 Fire Storm               Conj/Fire      29%        8d7       100%        9
 Shatter                  Erth           10%        3d12*     100%        9
 Animate Dead             Necr           Unusable   N/A       N/A         4

Dungeon Overview and Level Annotations

Branches:
Dungeon (13/15)            Temple (1/1) D:6            Lair (5/5) D:9
  Swamp (4/4) Lair:2        Snake (4/4) Lair:3        Slime (0/5) Lair:5
    Orc (2/2) D:10            Elf (0/3) Orc:2        Vaults (2/5) D:13
 Bailey (visited)
  Crypt: Vaults:2-3

Altars:
Ashenzari
Cheibriados
Dithmenos
Elyvilon
Fedhas
Gozag
Hepliaklqana
Kikubaaqudgha
Makhleb
Nemelex Xobeh
Okawaru
Qazlal
Ru
Sif Muna
Trog
Uskayaw
Vehumet
Wu Jian
Xom
Yredelemnul
Zin
The Shining One
Jiyva
Lugonu

Shops:
D:9 !   D:12 *   Orc:1 ?   Orc:2 *(*[   Lair:1 =(:   Snake:1 [   Snake:2 ((!
Vaults:1 (   Vaults:2 (=

Portals:
Abyss: Lair:5

Annotations:
D:1 clr
D:2 clr
D:3 clr
D:4 clr
D:5 clr
D:6 clr
D:7 clr
D:8 3 runed translucent doors, frimble's ghost, novice DsEE
D:9 clr
D:10 clr
D:12 clr
D:13 clr
Lair:1 clr
Lair:2 clr
Lair:3 clr
Lair:4 clr
Lair:5 clr
Swamp:1 clr
Swamp:3 clr
Swamp:4 clr
Snake:1 clr
Snake:2 clr
Snake:3 clr
Snake:4 exclusions: naga and naga mage, Mara
Orc:1 orcL1
Orc:2 clr
Vaults:1 clr


Innate Abilities, Weirdness & Mutations

You are very small and have problems with some larger weapons.
You are too small for most types of armour.
You have supernaturally acute eyesight. (SInv)
You cover ground extremely quickly. (Speed+++)


Message History

The deep elf high priest is lightly wounded.
You block the vault guard's attack.
You block the deep elf high priest's attack.
Unknown command.
Unknown command.
Casting: Dazzling Flash (safe; 1% risk of failure)
Confirm with . or Enter, or press ? or * to list all spells.
You erupt in a blast of force!
The mystic blast hits the vault guard!!
The vault guard is severely wounded.
The vault guard is knocked back by the mystic blast.
The vault guard slams into the stone wall!
The vault guard is severely wounded.
The mystic blast hits the deep elf high priest.
The deep elf high priest is lightly wounded.
The deep elf high priest is knocked back by the mystic blast.
The deep elf high priest slams into the stone wall!
The deep elf high priest is moderately wounded.
The mystic blast hits the vault guard!!
The vault guard is severely wounded.
The vault guard is knocked back by the mystic blast.
The vault guard slams into the stone wall!
The vault guard is severely wounded.
Unknown command.
Unknown command.
The deep elf high priest utters a dark prayer and points at you.
Your life force is offered up.
* * * LOW HITPOINT WARNING * * *
The deep elf high priest is healed.
The vault guard is healed. x2
You barely miss the deep elf high priest.
The deep elf high priest is lightly wounded.
The deep elf high priest is no longer blind.
Unknown command.
Unknown command.
Unknown command.
Unknown command.
The vault guard misses you.
The deep elf high priest utters a dark prayer and points at you.
Your life force is offered up.
You die...
Your body crumbles into a pile of gold.

+.. #..... #..# ###'## ####...
######## #..... #..+... #......#
#..... #..$####......# ###'##
#$.$$.#......# #.....
#'##'##......# #..... #
#..'......################
#..'....p@'...............
#..#.p...e#...............
###########.............).
######### #...............
........##########...............
........#........'...............
........#........#...............
........#........'...............
........'........#...............


You could see 2 vault guards and a deep elf high priest.

Vanquished Creatures
  the Lernaean hydra (Swamp:4)
  3 sphinxes
  Gastronok (Orc:1)
  2 nagarajas
  2 orc warlords
  13 vault wardens
  9 ironbound preservers
  5 ironbound thunderhulks
  The ghost of Zeldest the Thaumaturge, a journeyman DjWr of Makhleb (Lair:5)
  4 very ugly things (Vaults:1)
  7 dire elephants (Vaults:1)
  5 bunyips
  3 eleionomae
  4 yaktaur captains
  2 great orbs of eyes
  21 hydras
  10 vault guards
  Erolcha (D:12)
  Fannar (D:12)
  An ice dragon (Lair:5)
  4 ogre magi (Orc:2)
  2 ghost crabs
  2 salamander tyrants
  4 centaur warriors
  3 boulder beetles
  23 two-headed ogres
  10 ironbound frosthearts
  12 naga warriors
  6 alligators
  11 anacondas
  3 thrashing horrors (Lair:5)
  10 naga sharpshooters
  8 shock serpents
  An orc high priest (Orc:1)
  Sonja (Lair:5)
  5 goliath frogs
  7 salamander mystics
  A glowing orange brain (D:8)
  2 spriggan druids (Swamp:2)
  3 wizards
  11 swamp dragons
  10 deep trolls
  12 bog bodies
  A necromancer (D:13)
  5 naga ritualists
  7 lindwurms
  5 orc knights
  10 ironbound convokers
  5 harpies
  An orc sorcerer (Orc:2)
  A phantasmal warrior (Vaults:2)
  3 deep elf pyromancers
  28 ugly things
  11 mana vipers
  A manticore (Lair:5)
  4 cyclopes
  15 salamanders
  A will-o-the-wisp (Swamp:2)
  8 naga magi
  8 guardian serpents
  11 elephants
  The ghost of themarg the Cleaver, a novice MiBe of Trog (D:5)
  5 vault sentinels
  37 black mambas
  An unseen horror (D:12)
  3 kobold demonologists
  9 cane toads
  7 komodo dragons
  7 rime drakes
  An ancient zyme (Lair:5)
  The ghost of pigah the Gusty, a novice OpAE of Gozag (D:5)
  14 yaktaurs
  A polar bear (shapeshifter) (Lair:5)
  6 trolls
  3 polar bears
  9 hornets
  A hornet (shapeshifter) (Lair:5)
  13 tyrant leeches
  43 slime creatures
  18 blink frogs
  2 large abominations (Lair:5)
  9 spriggans
  A ynoxinul (Lair:5)
  4 shadows
  4 wyverns
  18 yaks
  8 wraiths
  6 basilisks (Lair:5)
  3 chaos spawn (Lair:5)
  3 steam dragons
  Menkaure (D:7)
  The ghost of frimble the Digger, an amateur DsEE of Cheibriados (D:5)
  A death yak simulacrum (Lair:5)
  2 vampire mosquitoes (Swamp:1)
  15 swamp worms
  30 nagas
  6 wargs
  3 acid dragons
  Duvessa (D:5)
  14 water moccasins
  20 orc warriors
  9 swamp drakes
  2 sky beasts
  2 black bears
  A black mamba simulacrum (Lair:5)
  4 ice beasts
  27 ogres
  5 centaurs
  3 phantoms
  A kobold brigand (D:9)
  A gnoll sergeant (D:7)
  8 bullfrogs
  14 small abominations (Lair:5)
  A scorpion (D:5)
  2 necrophages
  2 cane toad simulacra (Lair:5)
  Dowan (D:5)
  8 wights
  8 killer bees
  3 troll zombies (D:10)
  2 vampire bats
  5 howler monkeys
  4 electric eels
  4 lava snakes (Lair:3)
  A jelly (D:5)
  16 orc priests
  Crazy Yiuf (D:4)
  A hound (D:7)
  A gnoll bouda (D:7)
  5 iguanas
  18 orc wizards
  5 ogre zombies (D:10)
  The ghost of ragingrage the Sneak, a weakling MiDe (D:5)
  17 gnolls
  10 adders
  A white imp (Vaults:2)
  An ufetubus (Vaults:2)
  4 worms
  The ghost of xian the Sneak, a weakling BaDe (D:5)
  2 dart slugs
  74 orcs
  11 bats
  2 bat skeletons (D:10)
  4 bat zombies (D:10)
  6 endoplasms
  6 giant cockroaches
  9 goblins
  12 hobgoblins
  2 jackals (D:4)
  2 quokkas
  7 ball pythons
  3 frilled lizards
  3 goblin skeletons (D:10)
  3 goblin zombies (D:10)
  A hobgoblin skeleton (D:10)
  3 hobgoblin zombies (D:10)
  8 kobolds
  4 orc skeletons (D:10)
  11 orc zombies (D:10)
  9 rats
  9 foxfires
  6 fulminant prisms
1101 creatures vanquished.

Vanquished Creatures (collateral kills)
  Josephine (Orc:1)
  2 salamanders (Snake:1)
  An orc warrior (Orc:1)
  An orc priest (Orc:1)
  An orc (Orc:1)
6 creatures vanquished.

Vanquished Creatures (others)
  2 anacondas (Snake:1)
  An ugly thing (Vaults:1)
  A mana viper (Snake:4)
  A black mamba (Snake:1)
  A bloated husk (Swamp:2)
  2 orcs (Orc:1)
  182 foxfires
  500 fulminant prisms
  70 fungi
  62 plants
822 creatures vanquished.

Grand Total: 1929 creatures vanquished

Notes
Turn   | Place    | Note
-------+----------+-------------------------------------------
     0 | D:1      | Snarg the Spriggan Conjurer began the quest for the Orb.
     0 | D:1      | Reached XP level 1. HP: 9/9 MP: 5/5
   389 | D:1      | Reached XP level 2. HP: 13/13 MP: 3/6
   798 | D:1      | Found a faded altar of an unknown god.
  1375 | D:2      | Reached XP level 3. HP: 17/17 MP: 5/8
  1444 | D:2      | Reached skill level 1 in Fighting
  1715 | D:2      | Reached skill level 1 in Short Blades
  1801 | D:2      | Reached XP level 4. HP: 22/22 MP: 4/9
  1876 | D:2      | Learned a level 2 spell: Searing Ray
  1880 | D:2      | Learned a level 3 spell: Dazzling Flash
  2599 | D:3      | Reached skill level 3 in Dodging
  2842 | D:3      | Reached skill level 1 in Hexes
  3080 | D:2      | Reached XP level 5. HP: 14/25 MP: 2/10
  3938 | D:3      | Noticed an ice beast
  3954 | D:3      | Killed an ice beast
  3955 | D:3      | Reached skill level 5 in Stealth
  3955 | D:3      | Reached XP level 6. HP: 30/30 MP: 0/11
  4730 | D:4      | Identified the +1 leather armour of Kulyeria {rN++}
  4912 | D:4      | Noticed an ice beast
  4939 | D:4      | Killed an ice beast
  4940 | D:4      | Reached skill level 4 in Dodging
  4940 | D:4      | Reached XP level 7. HP: 33/33 MP: 2/12
  6017 | D:4      | Found a runed translucent door.
  6018 | D:4      | Noticed Crazy Yiuf
  6291 | D:4      | Found a glowing silver altar of Zin.
  6397 | D:4      | Killed Crazy Yiuf
  6475 | D:5      | Entered Level 5 of the Dungeon
  6475 | D:5      | Noticed Duvessa
  6475 | D:5      | Noticed Dowan
  6476 | D:5      | Killed Dowan
  6537 | D:5      | Noticed ragingrage's ghost (weakling MiDe)
  6537 | D:5      | Noticed themarg's ghost (novice MiBe)
  6537 | D:5      | Noticed xian's ghost (weakling BaDe)
  6537 | D:5      | Found a runed translucent gate.
  6537 | D:5      | Found a runed translucent gate.
  6537 | D:5      | Found a runed translucent gate.
  6537 | D:5      | Noticed pigah's ghost (novice OpAE)
  6537 | D:5      | Noticed frimble's ghost (amateur DsEE)
  6687 | D:5      | Killed Duvessa
  6688 | D:5      | Reached skill level 5 in Conjurations
  6700 | D:5      | Reached skill level 5 in Dodging
  6700 | D:5      | Reached XP level 8. HP: 35/37 MP: 4/13
  7059 | D:5      | Learned a level 4 spell: Fulminant Prism
  7150 | D:5      | Reached skill level 5 in Hexes
  7293 | D:5      | Reached skill level 5 in Short Blades
  9101 | D:6      | Reached skill level 1 in Throwing
  9101 | D:6      | Reached skill level 6 in Dodging
  9391 | D:6      | Found a staircase to the Ecumenical Temple.
  9631 | Temple   | Entered the Ecumenical Temple
 10084 | Temple   | Became a worshipper of Gozag Ym Sagoz the Greedy
 10216 | D:7      | Reached XP level 9. HP: 38/41 MP: 11/15
 10281 | D:7      | Learned a level 4 spell: Iskenderun's Mystic Blast
 10516 | D:7      | Reached skill level 1 in Translocations
 11424 | D:7      | Noticed Menkaure
 12105 | D:7      | Killed Menkaure
 12185 | D:8      | Reached skill level 7 in Dodging
 12761 | D:8      | Reached skill level 5 in Translocations
 13031 | D:8      | Noticed a two-headed ogre
 13043 | D:8      | Killed a two-headed ogre
 13044 | D:8      | Reached skill level 8 in Dodging
 13044 | D:8      | Reached XP level 10. HP: 46/46 MP: 12/17
 13516 | D:8      | Found a runed translucent gate.
 13517 | D:8      | Found a runed translucent gate.
 13519 | D:8      | Found a runed translucent gate.
 13519 | D:8      | Noticed a red ugly thing
 13521 | D:8      | Noticed a cyan ugly thing
 13521 | D:8      | Noticed a glowing orange brain
 13526 | D:8      | Noticed a green ugly thing
 13526 | D:8      | Noticed a green ugly thing
 13527 | D:8      | Noticed a white ugly thing
 13527 | D:8      | Noticed a green ugly thing
 13732 | D:9      | Noticed a two-headed ogre
 13776 | D:8      | Killed a two-headed ogre
 14202 | D:9      | Reached skill level 9 in Dodging
 14550 | D:9      | Noticed a boulder beetle
 14655 | D:9      | Noticed a two-headed ogre
 14664 | D:9      | Killed a two-headed ogre
 14881 | D:9      | Killed a boulder beetle
 14882 | D:9      | Reached skill level 10 in Hexes
 14974 | D:9      | Reached skill level 10 in Dodging
 15521 | D:9      | Paralysed by a hornet for 1 turns
 15846 | D:9      | Reached XP level 11. HP: 50/50 MP: 18/18
 15932 | D:9      | Found Debuplehe's Distillery.
 15943 | D:9      | Bought a potion of might for 56 gold pieces
 15943 | D:9      | Bought a potion of brilliance for 56 gold pieces
 16102 | D:9      | Noticed a two-headed ogre
 16119 | D:9      | Killed a two-headed ogre
 16363 | D:9      | Found a staircase to the Lair.
 16703 | Lair:1   | Entered Level 1 of the Lair of Beasts
 16923 | D:9      | Reached skill level 5 in Spellcasting
 17934 | Lair:1   | Identified the +1 leather armour "Emueraerr" {Int-2 Dex+6}
 17956 | Lair:1   | Reached skill level 1 in Evocations
 19042 | Lair:1   | Reached skill level 11 in Dodging
 19642 | Lair:1   | Reached skill level 10 in Short Blades
 20828 | Lair:2   | Noticed a seven-headed hydra
 20905 | Lair:2   | Killed a seven-headed hydra
 21192 | Lair:2   | Noticed a six-headed hydra
 21217 | Lair:2   | Killed a six-headed hydra
 21218 | Lair:2   | Reached XP level 12. HP: 56/56 MP: 6/22
 21344 | Lair:2   | Upgraded the game from 0.30-a0-4-ga7cffc901d to
                  | 0.30-a0-6-g7c9e10e132
 21485 | Lair:2   | Identified the +4 flail of the Unseen Realm {vorpal, *Rage
                  | Dex+7}
 21685 | Lair:2   | Found a staircase to the Swamp.
 23402 | Lair:3   | Reached skill level 12 in Dodging
 23538 | Lair:3   | Found a staircase to the Snake Pit.
 24008 | Lair:4   | Identified the ring of Teminemm {rC+ rN+ AC+4}
 24590 | Lair:5   | Entered Level 5 of the Lair of Beasts
 24717 | Lair:5   | Noticed a seven-headed hydra
 24744 | Lair:5   | Killed a seven-headed hydra
 24745 | Lair:5   | Reached skill level 5 in Evocations
 24849 | Lair:5   | Noticed a boulder beetle
 24873 | Lair:5   | Killed a boulder beetle
 24925 | Lair:5   | Noticed Sonja
 24928 | Lair:5   | Noticed an alligator
 24929 | Lair:5   | Killed Sonja
 24939 | Lair:5   | Reached skill level 10 in Stealth
 25070 | Lair:4   | Killed an alligator
 25071 | Lair:4   | Reached skill level 13 in Dodging
 25656 | Lair:5   | Got Cishrugg's Teachings on Reformation and Transposition
 25663 | Lair:5   | Learned a level 5 spell: Manifold Assault
 25774 | Lair:5   | Found a runed translucent gate.
 25774 | Lair:5   | Found a runed translucent gate.
 25774 | Lair:5   | Found a runed translucent gate.
 26368 | Lair:5   | Found a viscous altar of Jiyva.
 26369 | Lair:5   | Found a staircase to the Slime Pits.
 26375 | Lair:5   | Noticed an ice dragon
 26376 | Lair:5   | Noticed Zeldest's ghost (journeyman DjWr)
 26632 | Lair:4   | Reached XP level 13. HP: 61/61 MP: 13/23
 27159 | Lair:5   | Upgraded the game from 0.30-a0-6-g7c9e10e132 to
                  | 0.30-a0-12-gd8047c6341
 28112 | Lair:5   | Reached skill level 14 in Dodging
 29713 | Lair:5   | Found a corrupted altar of Lugonu.
 29713 | Lair:5   | Found a one-way gate to the infinite horrors of the Abyss.
 29817 | Lair:5   | Identified the amulet of Xar Roah {Faith rElec}
 30531 | D:5      | Killed ragingrage's ghost
 30535 | D:5      | Killed frimble's ghost
 30542 | D:5      | Killed themarg's ghost
 30542 | D:5      | Killed pigah's ghost
 30547 | D:5      | Killed xian's ghost
 30582 | D:5      | Identified a scroll of acquirement
 31236 | D:8      | Found a runed translucent gate.
 31236 | D:8      | Found a runed translucent gate.
 31240 | D:8      | Found a runed translucent gate.
 31242 | D:8      | Noticed frimble's ghost (novice DsEE)
 31324 | D:8      | Acquired the ring of Dianiv {rPois Will+}
 31496 | Lair:2   | Reached skill level 10 in Conjurations
 31520 | Snake:1  | Entered Level 1 of the Snake Pit
 31780 | Snake:1  | Reached skill level 15 in Dodging
 32719 | Swamp:1  | Entered Level 1 of the Swamp
 32738 | Swamp:1  | Learned a level 1 spell: Foxfire
 32777 | Swamp:1  | Reached XP level 14. HP: 57/66 MP: 11/25
 33180 | Swamp:1  | Learned a level 3 spell: Teleport Other
 33922 | D:10     | Entered Level 10 of the Dungeon
 34217 | D:10     | Reached skill level 1 in Fire Magic
 34294 | D:10     | Found a staircase to the Orcish Mines.
 34474 | D:10     | Found an ancient bone altar of Kikubaaqudgha.
 34622 | D:10     | Found a flagged portal.
 34644 | Bailey   | Entered a bailey
 34848 | Bailey   | Found a large runed translucent door.
 34848 | Bailey   | Found a large runed translucent door.
 35108 | Bailey   | Identified the ring "Yzedd" {Ice rPois Will- Str+3}
 36634 | Snake:1  | Reached skill level 1 in Shields
 37134 | Snake:1  | Reached skill level 10 in Translocations
 37347 | Snake:1  | Reached skill level 16 in Dodging
 37903 | Snake:1  | Upgraded the game from 0.30-a0-12-gd8047c6341 to
                  | 0.30-a0-23-ge60ba3568b
 37906 | Snake:1  | Bought a distressingly furry robe for 176 gold pieces
 37906 | Snake:1  | Identified the +2 robe "Pefut" {Int+4} (You bought it in a
                  | shop on level 1 of the Snake Pit)
 37906 | Snake:1  | Bought a shimmering robe for 176 gold pieces
 37906 | Snake:1  | Identified the +0 robe "Coehe" {Str+5} (You bought it in a
                  | shop on level 1 of the Snake Pit)
 40306 | Lair:5   | Killed Zeldest's ghost
 40368 | Lair:5   | Learned a level 3 spell: Confusing Touch
 40643 | Orc:1    | Entered Level 1 of the Orcish Mines
 40835 | Orc:1    | Noticed Josephine
 43310 | Lair:1   | Learned a level 5 spell: Yara's Violent Unravelling
 43634 | Snake:2  | Reached skill level 1 in Transmutations
 43933 | Snake:2  | Found Uvvy's Weapon Shoppe.
 43937 | Snake:2  | Found Miesmyll's Antique Weapon Emporium.
 43938 | Snake:2  | Found Katown's Distillery.
 43945 | Snake:2  | Bought a potion of brilliance for 76 gold pieces
 43945 | Snake:2  | Bought a potion of brilliance for 76 gold pieces
 43945 | Snake:2  | Bought a potion of heal wounds for 95 gold pieces
 43947 | Snake:2  | Bought a runed dagger for 175 gold pieces
 43995 | Snake:2  | You fall into a shaft and drop 1 floor!
 44388 | Snake:2  | Reached XP level 15. HP: 67/70 MP: 22/28
 45372 | Snake:3  | Noticed a nagaraja
 46021 | Snake:3  | Reached skill level 5 in Transmutations
 47314 | Snake:3  | Reached skill level 17 in Dodging
 47323 | Snake:3  | Reached skill level 5 in Shields
 48798 | Snake:3  | Killed a nagaraja
 48935 | Snake:4  | Entered Level 4 of the Snake Pit
 49651 | Snake:4  | Identified the +6 dagger of the Past {antimagic, Fly rN+}
 50726 | Snake:4  | Noticed a nagaraja
 50737 | Snake:4  | Killed a nagaraja
 51101 | Snake:4  | Learned a level 5 spell: Irradiate
 51173 | Snake:4  | Found an opulent altar of Gozag.
 51186 | Snake:4  | Noticed Mara
 53191 | Snake:4  | Reached skill level 18 in Dodging
 53342 | Snake:4  | Reached XP level 16. HP: 75/75 MP: 26/30
 54372 | Snake:4  | Reached skill level 5 in Fighting
 55743 | Snake:4  | Got a serpentine rune of Zot
 56043 | Lair:1   | Bought a manual of Fighting for 960 gold pieces
 56043 | Lair:1   | Bought a book of the Moon for 480 gold pieces
 56153 | Orc:1    | Killed Josephine
 56545 | Orc:1    | You fall into a shaft and drop 1 floor!
 56545 | Orc:2    | Entered Level 2 of the Orcish Mines
 56552 | Orc:2    | Found a staircase to the Elven Halls.
 56567 | Orc:1    | Noticed Gastronok
 56580 | Orc:1    | Killed Gastronok
 57217 | Orc:1    | Found Eggoar's Magic Scroll Shoppe.
 57225 | Orc:1    | Bought a scroll of enchant armour for 90 gold pieces
 57225 | Orc:1    | Bought a scroll of enchant armour for 90 gold pieces
 57225 | Orc:1    | Bought a scroll of teleportation for 36 gold pieces
 57225 | Orc:1    | Bought a scroll of teleportation for 36 gold pieces
 57225 | Orc:1    | Bought a scroll of teleportation for 36 gold pieces
 57225 | Orc:1    | Bought a scroll of acquirement for 624 gold pieces
 57226 | Orc:1    | Acquired the ring of Beul {+Blink rElec Str-3 Int+6 Dex+9}
 57727 | Orc:2    | Reached skill level 10 in Spellcasting
 59330 | Orc:2    | Found Qowoleir's General Store.
 59330 | Orc:2    | Found Tuschorui's General Store.
 59425 | Orc:2    | Found Weil's Antique Weapon Shoppe.
 59425 | Orc:2    | Found Xakut's Antique Armour Boutique.
 59435 | Orc:2    | Bought a potion of brilliance for 60 gold pieces
 60581 | Swamp:1  | Reached skill level 19 in Dodging
 61144 | Swamp:2  | Learned a level 4 spell: Passage of Golubria
 61968 | Swamp:2  | Reached XP level 17. HP: 74/85 MP: 26/32
 64078 | Swamp:3  | Identified the +6 sling of Tikeipni {freeze, Fragile SInv
                  | Stlth+}
 64672 | Swamp:4  | Entered Level 4 of the Swamp
 65587 | Swamp:4  | Reached skill level 20 in Dodging
 65587 | Swamp:4  | Reached skill level 10 in Transmutations
 67783 | Swamp:4  | Noticed the 27-headed Lernaean hydra
 67809 | Swamp:4  | Killed the 27-headed Lernaean hydra
 67836 | Swamp:4  | Got a decaying rune of Zot
 68168 | Lair:1   | Bought a shimmering dagger for 252 gold pieces
 68168 | Lair:1   | Identified the +7 dagger of Shrieking Terror {vorpal,
                  | Stlth+} (You bought it in a shop on level 1 of the Lair of
                  | Beasts)
 68168 | Lair:1   | Bought an ancient rapier for 324 gold pieces
 68168 | Lair:1   | Identified the +6 rapier "Onevvih" {flame, MP+9 Dex+4} (You
                  | bought it in a shop on level 1 of the Lair of Beasts)
 68500 | D:12     | Noticed Fannar
 68519 | D:12     | Upgraded the game from 0.30-a0-23-ge60ba3568b to
                  | 0.30-a0-29-g142975f185
 68520 | D:12     | Noticed Erolcha
 68532 | D:12     | Killed Fannar
 68533 | D:12     | Killed Erolcha
 69661 | D:12     | Found Liguott's General Store.
 69665 | D:12     | Bought a potion of curing for 48 gold pieces
 69665 | D:12     | Bought a potion of brilliance for 64 gold pieces
 69665 | D:12     | Bought a potion of curing for 48 gold pieces
 70933 | D:13     | Found a gate to the Vaults.
 71403 | Vaults:1 | Entered Level 1 of the Vaults
 71915 | Vaults:1 | Reached XP level 18. HP: 93/93 MP: 31/35
 72068 | Vaults:1 | Reached skill level 10 in Fighting
 72291 | Vaults:1 | Reached skill level 15 in Stealth
 73343 | Vaults:1 | Identified the +6 leather armour of Dim Light {rF+ Will++
                  | Str+3}
 73676 | Vaults:1 | Reached skill level 15 in Hexes
 74680 | Vaults:1 | Found Aphafaoh's Weapon Emporium.
 75075 | Vaults:2 | Found Ifuito's Weapon Shoppe.
 75338 | Vaults:2 | Reached skill level 21 in Dodging
 76402 | Vaults:2 | Learned a level 7 spell: Enfeeble
 76426 | Vaults:2 | Identified the +1 great sword of the Flying Jester {speed,
                  | Int+3}
 76445 | Vaults:2 | Reached XP level 19. HP: 100/100 MP: 32/37
 76577 | Vaults:2 | Found Ceokk's Jewellery Shop.
 77248 | Vaults:2 | Killed from afar by a deep elf high priest

Illustrated notes

Levels and vault maps discovered:
D:1:      amcnicky_arrival_choice, layout_rooms,
          shapermc_ecumenical_altar_ellora,
          nicolae_concentric_dashed_squares_wild
D:2:      layout_loops_cross, wander_ebering_terrifying_dragon_lair
D:3:      layout_loops_cross
D:4:      layout_loops_ring, zin_statuary, kennysheep_small_spiral,
          hangedman_feature_mirror, uniq_crazy_yiuf_cottage
D:5:      layout_basic, gammafunk_ghost_cemetery, uniq_duvessa
D:6:      layout_cave_pools, minmay_temple_entry_mist, serial_bayou_pond_a,
          serial_bayou_crossing
D:7:      layout_gridville, uniq_menkaure
D:8:      layout_loops_corners, ploomutoo_gammafunk_ghost_potion_laboratory
D:9:      minmay_s_stair_smasher, layout_irregular_city, lair_entry_dummy,
          serial_shops, shop_statue, minmay_misc_feat_tower
D:10:     layout_loops_ring, kennysheep_vampire_church, zombieorc2_lemuel,
          enter_bailey_7
D:11:     layout_long_grid
D:12:     layout_basic, serial_shops, shop, minmay_joined_circles, uniq_fannar,
          uniq_erolcha
D:13:     layout_layer_cave, david_vaults_1
Temple:   mainiacjoe_temple_big_plus
Lair:1:   layout_regular_city, roderic_batcave, cheibrodos_lair_caveside_slide,
          grunt_megastairs_5
Lair:2:   layout_small_grid, palyth_hydra_swamp_entry, columned_hall_lemuel
Lair:3:   layout_gridlike, dummy_snake_entry, nicolae_lair_liquid_snakes
Lair:4:   layout_long_grid
Lair:5:   hellmonk_lair_end_abyssal_woods, layout_gridlike, slime_entry_1,
          gammafunk_ghost_icy, hangedman_lair_generics_rect,
          infiniplex_staircase_pool_2, uniq_sonja
Swamp:1:  layout_basic_swamp, portal_ice_cave_entry_ugly_swarm,
          evilmike_swamp_ruin_house_5, swamp_pool4
Swamp:2:  layout_basic_swamp, evilmike_swamp_ruin_rubble_2, swamp_pool1,
          st_swamp_ruins_2
Swamp:3:  layout_basic_swamp, evilmike_swamp_ruin_house_6
Swamp:4:  grunt_swamp_rune_castle, layout_basic_swamp
Snake:1:  layout_gridlike, grunt_megastairs_4
Snake:2:  layout_cave_shapes, minmay_shop_star
Snake:3:  layout_onion_interference
Snake:4:  snake_pit_salamanders_mu, layout_gridlike, basic_altar, uniq_vashnia,
          uniq_mara
Orc:1:    layout_diamond_mine, basic_altar, serial_shops,
          nicolae_shop_statue_plus, uniq_gastronok, uniq_josephine
Orc:2:    st_orc_ogre_mass, layout_caves, nicolae_orc_lava_room
Vaults:1: ontoclasm_vaults_idyll, v_misc_14, vaults_room_corners, v_misc_18,
          ontoclasm_vaults_fault, vaults_dpeg_emergency_exit, st_spiral_rooms,
          vaults_room_large_hall, v_alt_pattern_2, ontoclasm_vaults_pinch,
          v_misc_22, nicolae_vaults_border_crossing, hangedman_vaults_unwind,
          v_misc_16, grunt_vaults_twisty, layout_vaults_maze_bifur,
          serial_shops, nicolae_shop_crystal
Vaults:2: minmay_guarded_unrand_secular_launcher, v_misc_11,
          ontoclasm_vaults_ring_square, v_alt_pattern_6, vaults_room_hallway,
          v_rooms_2, serial_ice_g, grunt_vaults_funnel, ontoclasm_vaults_twist,
          nicolae_vaults_alarming, v_pattern_1, layout_vaults_omnicross,
          serial_shops, shop, shop

Skill      XL: |  1  2  3  4  5  6  7  8  9 10 11 12 13 14 15 16 17 18 |
---------------+-------------------------------------------------------+-----
Conjurations   | 3 4 5 6 7 8 10 | 10.7
Spellcasting   | 3 4 6 7 8 9 10 12 13 | 13.4
Fighting       | 1 2 3 4 8 9 11 | 11.0
Short Blades   | 1 2 3 4 5 7 8 10 12 | 12.1
Dodging        | 3 4 5 6 8 10 11 13 15 16 18 19 20 21 | 21.5
Stealth        | 4 5 6 7 10 11 12 13 14 16 | 16.0
Hexes          | 1 2 3 4 6 8 10 12 13 16 | 16.7
Throwing       | 1 |  1.1
Translocations | 5 7 8 10 11 | 11.0
Evocations     | 3 5 6 8 9 |  9.0
Fire Magic     | 2 |  2.0
Shields        | 4 5 |  5.0
Transmutations | 2 7 8 11 | 11.0

Action                   |  1- 3 |  4- 6 |  7- 9 | 10-12 | 13-15 | 16-18 | 19-21 || total
-------------------------+-------+-------+-------+-------+-------+-------+-------++-------
Melee: Dagger            |    19 |    77 |   177 |   336 |   579 |   943 |    88 ||  2219
       Punch             |       |     2 |     3 |     3 |    12 |       |       ||    20
       Short sword       |       |       |     9 |    16 |   313 |       |       ||   338
       Rapier            |       |       |       |       |       |     3 |       ||     3
 Fire: Shortbow          |       |       |       |       |     2 |       |       ||     2
Throw: Dart              |       |       |     7 |    31 |    23 |    21 |       ||    82
       Boomerang         |       |       |       |     7 |    13 |    11 |       ||    31
 Cast: Magic Dart        |    77 |    42 |    89 |   116 |   189 |    84 |       ||   597
       Searing Ray       |       |    17 |    34 |    58 |    94 |    20 |       ||   223
       Dazzling Flash    |       |     3 |    23 |    76 |    71 |   102 |     3 ||   278
       Fulminant Prism   |       |       |    16 |    60 |   215 |   211 |     4 ||   506
       Iskenderun's Myst |       |       |       |     8 |    46 |    38 |     2 ||    94
       Foxfire           |       |       |       |       |    54 |    57 |       ||   111
       Manifold Assault  |       |       |       |       |     2 |       |       ||     2
       Confusing Touch   |       |       |       |       |    46 |    87 |     4 ||   137
       Yara's Violent Un |       |       |       |       |    17 |    33 |     4 ||    54
       Teleport Other    |       |       |       |       |     2 |       |       ||     2
       Irradiate         |       |       |       |       |       |    59 |     3 ||    62
       Passage of Golubr |       |       |       |       |       |     2 |       ||     2
       Enfeeble          |       |       |       |       |       |     1 |     5 ||     6
Invok: Potion Petition   |       |       |       |       |     3 |       |       ||     3
       Call Merchant     |       |       |       |       |     1 |     3 |       ||     4
Evoke: Wand              |       |       |       |     2 |    15 |    10 |       ||    27
       Piece from Xom's  |       |       |       |     2 |     2 |    25 |       ||    29
       Condenser vane    |       |       |       |       |     1 |     1 |       ||     2
       Phantom mirror    |       |       |       |       |       |     1 |       ||     1
  Use: Scroll            |       |     7 |     9 |    13 |     7 |     5 |       ||    41
       Potion            |       |       |       |       |     9 |     3 |       ||    12
 Stab: Sleeping          |     2 |    11 |     8 |    12 |    13 |    25 |     3 ||    74
       Invisible         |       |     3 |    18 |    49 |    54 |    50 |     7 ||   181
       Distracted        |       |       |     1 |     2 |     7 |    17 |     2 ||    29
       Confused          |       |       |       |       |    44 |    91 |     4 ||   139
       Betrayed ally     |       |       |       |       |     1 |       |       ||     1
       Petrified         |       |       |       |       |       |     2 |       ||     2
Armor: Robe              |     1 |     3 |    12 |     9 |    39 |     6 |       ||    70
Dodge: Dodged            |    18 |    67 |   159 |   335 |   777 |   590 |    38 ||  1984
Block: Buckler           |       |       |       |       |   151 |   406 |    46 ||   603
       Reflection        |       |       |       |       |       |     9 |     1 ||    10

Table legend: (Time is in decaauts)
 A = Elapsed time spent in this place.
 B = Non-inter-level travel time spent in this place.
 C = Inter-level travel time spent in this place.
 D = Time resting spent in this place.
 E = Time spent auto-exploring this place.
 F = Levels seen in this place.
 G = Mean time per level.
                   A        B        C        D        E       F      G
               +--------+--------+--------+--------+--------+-----+--------+
         Total |  62319 |  55907 |   6412 |  27140 |  16667 |  32 | 1947.5 |
       Dungeon |  19180 |  17404 |   1776 |   5921 |   8104 |  13 | 1475.4 |
        Temple |    304 |    245 |     59 |      0 |    238 |   1 |  304.0 |
          Lair |  15485 |  13086 |   2399 |   6785 |   3670 |   5 | 3097.0 |
         Swamp |   6807 |   6125 |    682 |   3401 |   1192 |   4 | 1701.8 |
     Snake Pit |  13085 |  11966 |   1119 |   8015 |   1469 |   4 | 3271.2 |
  Orcish Mines |   2483 |   2294 |    189 |    881 |    834 |   2 | 1241.5 |
        Vaults |   4585 |   4399 |    186 |   1993 |   1145 |   2 | 2292.5 |
        Bailey |    387 |    387 |      0 |    142 |     11 |   1 |  387.0 |
               +--------+--------+--------+--------+--------+-----+--------+

Top non-repeatable levels by time:
  Lair:5: 5324 daAuts
 Snake:4: 4695 daAuts
  Lair:1: 3857 daAuts
  Lair:2: 3415 daAuts
 Snake:1: 3176 daAuts
Vaults:1: 2904 daAuts
 Snake:2: 2679 daAuts
 Snake:3: 2534 daAuts
     D:8: 2333 daAuts
    D:10: 2261 daAuts
     D:9: 2119 daAuts
  Lair:3: 1936 daAuts
 Swamp:4: 1922 daAuts
     D:4: 1886 daAuts
 Swamp:3: 1767 daAuts
